 Dungeon Crawl Stone Soup version 0.32-a0-643-ga006e7742e (webtiles) character file.

Game seed: 13032505306614426802

1054 ragingrage the Cutter (level 8, -2/60 HPs)
             Began as a Barachi Artificer on Mar 8, 2024.
             Slain by a gnoll
             ... wielding a +0 halberd
             ... led by a gnoll bouda
              (12 damage)
             ... on level 5 of the Dungeon.
             The game lasted 00:05:27 (4795 turns).

ragingrage the Cutter (Barachi Artificer)           Turns: 4795, Time: 00:05:27

Health: -2/60      AC:  3    Str: 14    XL:     8   Next: 26%
Magic:  0/8        EV: 12    Int: 11    God:
Gold:   276        SH:  0    Dex: 15    Spells: 5/7 levels left

rFire   + + .        a - +1 double sword (vamp)
rCold   + . .        (no shield)
rNeg    . . .        A - +1 robe {rC+ rF+}
rPois   .            (no helmet)
rElec   .            (no cloak)
rCorr   .            (no gloves)
SInv    .            (no boots)
Will    .....        x - amulet of guardian spirit
Stlth   ++           q - ring of wizardry
HPRegen 0.30/turn    F - ring of protection from fire
MPRegen 0.11/turn

%: guardian spirit, wizardry (x1)
@: unable to hop, slow
A: amphibious, slowness 1, strong legs 1, +LOS
a: Hop


You were on level 5 of the Dungeon.
You visited 1 branch of the dungeon, and saw 5 of its levels.

You collected 276 gold pieces.

Inventory:

Hand Weapons
 a - a +1 vampiric double sword (weapon)
 b - a +2 short sword of venom
 f - a +0 dagger
 o - a +0 sling
 H - a +0 club
Missiles
 z - 4 poisoned darts (quivered)
Armour
 g - a +0 leather armour
 A - a +1 robe of resistance (worn)
 K - an orb of guile
Jewellery
 q - a ring of wizardry (left hand)
 w - a ring of resist corrosion
 x - an amulet of guardian spirit (around neck)
 F - a ring of protection from fire (right hand)
Wands
 c - a wand of flame (15)
 d - a wand of charming (14)
 e - a wand of iceblast (4)
 p - a wand of warping (14)
 J - a wand of acid (4)
Scrolls
 j - 3 scrolls of fog {unknown}
 k - 4 scrolls of identify {unknown}
 l - 2 scrolls of enchant weapon {unknown}
 s - a scroll of fear {unknown}
 t - 3 scrolls of blinking {unknown}
 v - 3 scrolls of revelation {unknown}
 y - a scroll of poison {unknown}
 B - a scroll of summoning {unknown}
 C - a scroll of immolation {unknown}
 D - a scroll of torment {unknown}
Potions
 h - 2 potions of curing {unknown}
 i - a potion of haste {unknown}
 m - a potion of invisibility {unknown}
 n - 3 potions of heal wounds {unknown}
 r - a potion of might {unknown}
 u - a potion of brilliance {unknown}
 E - a potion of enlightenment {unknown}
 G - a potion of attraction {unknown}
 I - 2 potions of cancellation {unknown}


   Skills:
 - Level 4.1 Fighting
 - Level 6.3(7.1) Short Blades
 + Level 5.3(6.9) Long Blades
 - Level 1.0 Maces & Flails
 - Level 2.4 Armour
 - Level 1.1 Dodging
 - Level 2.0 Stealth
 - Level 4.0 Hexes
 - Level 3.2 Evocations


You had 5 spell levels left.
You knew the following spells:

 Your Spells              Type           Power      Damage    Failure   Level
a - Jinxbite              Hex            16%        N/A       4%          2

Your spell library contained the following spells:

 Spells                   Type           Power      Damage    Failure   Level
 Apportation              Tloc           0%         N/A       14%         1
 Necrotise                Necr           0%         1d4       14%         1
 Sting                    Conj/Alch      0%         1d3       14%         1
 Summon Small Mammal      Summ           0%         N/A       14%         1
 Static Discharge         Conj/Air       0%         3-3/arc   21%         2
 Airstrike                Air            0%         2d(0-16)  77%         4
 Summon Lightning Spire   Summ/Air       0%         N/A       77%         4
 Yara's Violent Unravell  Hex/Alch       2%         3d3       83%         5
 Enfeeble                 Hex            4%         N/A       100%        7


Dungeon Overview and Level Annotations

Branches:
Dungeon (5/15)
 Temple: D:4-7

Altars:
Ashenzari

Shops:
D:5 (

Annotations:
D:3 Sigmund


Innate Abilities, Weirdness & Mutations

You are amphibious.
You cover ground slowly.
You can hop short distances.
You have an extended range of vision and can be seen from far away.


Message History

The gnoll misses you.
The gnoll hits you from afar with a +0 spear.
The gnoll hits you with a +0 whip of venom.
You hear a bark!
You hit the gnoll.
The gnoll is poisoned.
You completely miss the gnoll.
The gnoll hits you with a +0 whip of venom.
You are poisoned.
The gnoll hits you from afar with a +0 spear!
Hop to where?
Press: ? - help, Dir - move target Boing!
You feel very sick.
You feel sick.
The gnoll throws a stone.
The stone barely misses you.
You feel sick.
You feel sick.
You feel a bit more experienced.
You feel sick.
You feel sick.
You feel sick.
You are no longer poisoned.
Your +2 short sword of venom stops dripping with poison.
You feel a sense of dread.
a - a +1 vampiric double sword (weapon)
You hit the gnoll.
You feel better. The gnoll barely misses you.
The gnoll hits you with a +0 whip!
You slash the gnoll!
You feel better.
You kill the gnoll!
The gnoll hits you from afar with a +0 spear.
The gnoll hits you from afar with a +0 halberd.
The gnoll barely misses you.
The gnoll hits you from afar with a +0 halberd!
You see here a +0 whip.
You slash the gnoll!
You feel better. The gnoll hits you with a +0 spear.
The gnoll hits you from afar with a +0 halberd!
You slice the gnoll!!
You feel better.
You kill the gnoll!
The gnoll hits you from afar with a +0 halberd!
* * * LOW HITPOINT WARNING * * *
The gnoll hits you with a +0 halberd!
You die... ##.# ###############.# #.# #.# #.# #.# #.# #.# #.# #.# #.# #.#. ##.# #.#.### ...# ##########.# gg#

#### #)g@)......#
#.#
#.############g##
#.# #>......# #.#
#g####### #g# #.#
#.# #.# #g# #.#
#.#######.#
#....g.g..#


You could see a gnoll.

Vanquished Creatures
  Grinder (D:4)
  Duvessa (D:4)
  2 black bears
  A phantom (D:5)
  Dowan (D:4)
  A bombardier beetle (D:5)
  A gnoll bouda (D:5)
  A hound (D:4)
  An orc priest (D:5)
  Ijyb (D:3)
  9 gnolls
  9 adders
  2 dart slugs
  5 ribbon worms
  6 orcs
  5 bats
  9 endoplasms
  4 giant cockroaches
  14 goblins
  6 hobgoblins
  10 jackals
  8 kobolds
  5 quokkas
  10 ball pythons
  4 frilled lizards
  4 rats
121 creatures vanquished.

Notes
Turn   | Place    | Note
-------+----------+-------------------------------------------
     0 | D:1      | ragingrage the Barachi Artificer began the quest for the
                  | Orb.
     0 | D:1      | Reached XP level 1. HP: 15/15 MP: 1/1
    17 | D:1      | Found a faded altar of an unknown god.
    30 | D:1      | Reached skill level 1 in Stealth
   178 | D:1      | Reached XP level 2. HP: 21/21 MP: 2/2
   187 | D:1      | Reached skill level 1 in Maces & Flails
   350 | D:1      | Reached XP level 3. HP: 27/27 MP: 3/3
   381 | D:1      | Reached skill level 1 in Short Blades
  1188 | D:2      | Reached XP level 4. HP: 17/34 MP: 4/4
  1269 | D:2      | Reached skill level 2 in Short Blades
  1963 | D:2      | Learned a level 2 spell: Jinxbite
  2248 | D:3      | Reached XP level 5. HP: 37/41 MP: 2/5
  2423 | D:3      | Found a broken altar of Ashenzari.
  2528 | D:3      | Saw a vision of the Shoals and the Spider Nest.
  2528 | D:3      | Noticed a wind drake
  2528 | D:3      | Noticed a water elemental
  2528 | D:3      | Noticed a steelbarb worm
  2528 | D:3      | Noticed an orb spider
  2528 | D:3      | Noticed a redback
  2528 | D:3      | Noticed a wolf spider
  2528 | D:3      | Noticed a wolf spider
  2528 | D:3      | Noticed a jumping spider
  2528 | D:3      | Noticed a torpor snail
  2528 | D:3      | Noticed a sea snake
  2528 | D:3      | Noticed a snapping turtle
  2528 | D:3      | Noticed an entropy weaver
  2528 | D:3      | Noticed a wolf spider
  2528 | D:3      | Noticed a jumping spider
  2528 | D:3      | Noticed a merfolk siren
  2528 | D:3      | Noticed a redback
  2528 | D:3      | Noticed a radroach
  2529 | D:3      | Noticed a water elemental
  2529 | D:3      | Noticed a wolf spider
  2529 | D:3      | Noticed a boulder beetle
  2529 | D:3      | Noticed an entropy weaver
  2530 | D:3      | Noticed a jumping spider
  2530 | D:3      | Noticed a snapping turtle
  2714 | D:3      | Noticed Sigmund
  2910 | D:3      | Noticed Ijyb
  2943 | D:3      | Killed Ijyb
  2944 | D:3      | Reached skill level 3 in Short Blades
  2944 | D:3      | Reached skill level 1 in Hexes
  3316 | D:4      | Noticed a black bear
  3526 | D:4      | Killed a black bear
  3527 | D:4      | Reached skill level 4 in Short Blades
  3527 | D:4      | Reached XP level 6. HP: 41/48 MP: 3/6
  3564 | D:4      | Noticed Duvessa
  3568 | D:4      | Noticed Dowan
  3581 | D:4      | Killed Duvessa
  3597 | D:4      | Killed Dowan
  3598 | D:4      | Reached XP level 7. HP: 27/54 MP: 1/7
  3771 | D:4      | Noticed Grinder
  3803 | D:4      | Killed Grinder
  3804 | D:4      | Reached skill level 6 in Short Blades
  4273 | D:5      | Entered Level 5 of the Dungeon
  4310 | D:5      | Found Ylatuoq's Weapon Boutique.
  4313 | D:5      | Reached skill level 1 in Long Blades
  4438 | D:5      | Reached XP level 8. HP: 36/60 MP: 5/8
  4681 | D:5      | Reached skill level 5 in Long Blades
  4795 | D:5      | Slain by a gnoll

Illustrated notes

Levels and vault maps discovered:
D:1:      amcnicky_arrival_blooded_trapdoor, layout_basic,
          chequers_ecumenical_altar_simple, minmay_misc_feat_chi
D:2:      minmay_razor_zed, layout_basic, chequers_serial_rivers_small_3
D:3:      layout_loops_ring, grunt_ashenzari_visionary
          [grunt_ashenzari_visionary_shoals, grunt_ashenzari_visionary_spider],
          corner_web_ring, nicolae_eternal_life, kennysheep_generic_room_5,
          uniq_sigmund, uniq_ijyb
D:4:      layout_rooms, uniq_duvessa, uniq_grinder
D:5:      layout_basic, serial_shops, nicolae_shop_rolling_square,
          serial_library_hellmonk_small_corner

Skill      XL: |  1  2  3  4  5  6  7  8 |
---------------+-------------------------+-----
Stealth        | 1 2 |  2.0
Maces & Flails | 1 |  1.0
Fighting       | 2 3 4 |  4.1
Short Blades   | 1 2 4 6 |  6.3
Hexes          | 2 3 4 |  4.0
Long Blades    | 3 5 |  5.3
Armour         | |  2.4
Dodging        | |  1.1
Evocations     | |  3.2

Action                     |  1- 3 |  4- 6 |  7- 9 || total
---------------------------+-------+-------+-------++-------
  Melee: Dagger            |    27 |       |       ||    27
         Club              |    10 |       |       ||    10
         Short sword       |    70 |   187 |    90 ||   347
         Double sword      |       |       |    29 ||    29
  Throw: Dart              |       |     2 |       ||     2
   Cast: Jinxbite          |       |     3 |     3 ||     6
Ability: Hop               |     2 |       |     1 ||     3
  Evoke: Wand              |     2 |       |     2 ||     4
   Stab: Sleeping          |     1 |     2 |     5 ||     8
         Distracted        |       |     1 |       ||     1
 Armour: Leather armour    |    73 |   127 |     4 ||   204
         Robe              |       |       |    65 ||    65
  Dodge: Dodged            |    74 |   114 |    65 ||   253

Table legend: (Time is in decaauts)
 A = Elapsed time spent in this place.
 B = Non-inter-level travel time spent in this place.
 C = Inter-level travel time spent in this place.
 D = Time resting spent in this place.
 E = Time spent auto-exploring this place.
 F = Levels seen in this place.
 G = Mean time per level.
                   A        B        C        D        E       F      G
               +--------+--------+--------+--------+--------+-----+--------+
         Total |   5322 |   5047 |    275 |    764 |   3221 |   5 | 1064.4 |
       Dungeon |   5322 |   5047 |    275 |    764 |   3221 |   5 | 1064.4 |
               +--------+--------+--------+--------+--------+-----+--------+

Top non-repeatable levels by time:
     D:3: 1318 daAuts
     D:2: 1273 daAuts
     D:1: 1240 daAuts
     D:4: 913 daAuts
     D:5: 576 daAuts
